 Dungeon Crawl Stone Soup version 0.31-a0-204-g7da18cac08 (webtiles) character file.

Game seed: 6830743208621769716

86 qw the Shooter (level 4, -1/25 HPs)
             Began as a Deep Elf Hunter on June 27, 2023.
             Slain by Ijyb
             ... wielding a +0 club
              (5 damage)
             ... on level 3 of the Dungeon.
             The game lasted 00:00:33 (1404 turns).

qw the Shooter (Deep Elf Hunter)                    Turns: 1404, Time: 00:00:34

Health: -1/25      AC:  8    Str: 10    XL:     4   Next: 27%
Magic:  6/6        EV: 11    Int: 14    God:
Gold:   146        SH:  0    Dex: 18    Spells: 3/3 levels left

rFire   . . .        Y - +0 shortbow
rCold   . . .        (shield currently unavailable)
rNeg    . . .        f - +0 ring mail
rPois   .            (no helmet)
rElec   .            (no cloak)
rCorr   .            i - +2 pair of gloves {hurl}
SInv    .            (no boots)
Will    .....        (no amulet)
Stlth   +            (no ring)
HPRegen 0.24/turn    (no ring)
MPRegen 0.10/turn

%: no passive effects
@: no status effects
A: no striking features
a: no special abilities


You were on level 3 of the Dungeon.
You visited 1 branch of the dungeon, and saw 3 of its levels.

You collected 146 gold pieces.


   Skills:
 - Level 1.5 Fighting
 + Level 7.7 Ranged Weapons
 - Level 2.4 Dodging
 - Level 1.2 Stealth


You had 3 spell levels left.
You didn't know any spells.
Your spell library was empty.

Inventory:

Hand Weapons
 Y - a +0 shortbow (weapon)
Armour
 f - a +0 ring mail (worn)
 i - a +2 pair of gloves of hurling (worn)
Scrolls
 a - a scroll of identify
Potions
 b - 2 potions of might
 e - a potion of curing {unknown}

Dungeon Overview and Level Annotations

Branches:
Dungeon (3/15)

Altars:
Gozag

Shops:
D:3 (

Annotations:
D:3 Ijyb


Message History

Ijyb the Twisted Goblin comes into view.
She is wielding a +0 club and carrying a wand of light (10).
Ijyb shouts!
Enter note: You shoot an arrow.
The arrow hits Ijyb!
Ijyb is moderately wounded.
You shoot an arrow. The arrow hits Ijyb.
Ijyb is heavily wounded.
You shoot an arrow. The arrow hits Ijyb but does no damage.
Ijyb is heavily wounded.
Ijyb closely misses you.
You shoot an arrow. The arrow closely misses Ijyb.
Ijyb screams, "I cut your head off!" Ijyb hits you but does no damage.
Ijyb zaps a wand.
The bolt of light hits you!
You are confused.
Ijyb hits you but does no damage. Ijyb barely misses you.
You feel less confused. Ijyb closely misses you.
You shoot an arrow. The arrow hits Ijyb but does no damage.
Ijyb is heavily wounded.
Ijyb barely misses you.
You shoot an arrow. The arrow completely misses Ijyb.
Ijyb hits you with a +0 club.
You shoot an arrow. The arrow closely misses Ijyb.
Ijyb zaps a wand.
The bolt of light hits you!
You shoot an arrow. The arrow hits Ijyb!
Ijyb is almost dead.
Ijyb hits you but does no damage.
You shoot an arrow. The arrow hits Ijyb.
Ijyb is almost dead.
Ijyb hits you with a +0 club.
You shoot an arrow. The arrow hits Ijyb but does no damage.
Ijyb is almost dead.
Ijyb closely misses you. Ijyb hits you but does no damage.
You shoot an arrow. The arrow barely misses Ijyb.
Ijyb hits you but does no damage.
You shoot an arrow. The arrow hits Ijyb but does no damage.
Ijyb is almost dead.
Ijyb hits you with a +0 club.
You die...

#........# #
#.######.###
#.######.##.
#########.##..).....
#..................#
#..###.#..##.##...##
#..# #.......###.##
#..###.#.........#
#..@......######.#
####g####.....)..#
#.# #######... #.#
.... .. ... #. .. ..


You could see Ijyb.

Vanquished Creatures
  Terence (D:2)
  5 dart slugs
  3 ball pythons
  2 endoplasms (D:1)
  3 giant cockroaches
  7 hobgoblins
  8 kobolds
  A quokka (D:1)
  3 bats
  2 frilled lizards (D:2)
  7 goblins
  4 rats
46 creatures vanquished.

Notes
Turn   | Place    | Note
-------+----------+-------------------------------------------
     0 | D:1      | qw the Deep Elf Hunter began the quest for the Orb.
     0 | D:1      | Reached XP level 1. HP: 12/12 MP: 3/3
     0 | D:1      | 0 ||| qw: Version: 0.3-a-22-g0ed2b0b
     0 | D:1      | 0 ||| qw: Game counter: 6599
     0 | D:1      | 0 ||| qw: Melee chars always use a shield: true
     0 | D:1      | 0 ||| qw: God list: Okawaru
     0 | D:1      | 0 ||| qw: Allow faded altars: false
     0 | D:1      | 0 ||| qw: Do Orc after clearing Dungeon:15 true
     0 | D:1      | 0 ||| qw: Do second Lair branch before Depths: true
     0 | D:1      | 0 ||| qw: Lair rune preference: random
     0 | D:1      | 0 ||| qw: Goals: Normal
     0 | D:1      | 0 ||| PLANNING D:1-11
    65 | D:1      | Reached skill level 6 in Ranged Weapons
    65 | D:1      | Reached XP level 2. HP: 16/16 MP: 4/4
   278 | D:1      | Reached XP level 3. HP: 20/20 MP: 5/5
   455 | D:1      | 455 ||| UPGRADING to +0 ring mail.
   465 | D:1      | 465 ||| DROPPING +0 leather armour.
   466 | D:1      | 466 ||| UPGRADING to +2 pair of gloves of hurling.
   471 | D:1      | 471 ||| READING 2 scrolls labelled IBUVONWA OZXE.
   472 | D:1      | 472 ||| READING scroll labelled HUPLIRGHY OCVUICH.
   573 | D:1      | 573 ||| READING scroll labelled GIAMIE JEOCI.
   574 | D:1      | 574 ||| READING scroll labelled YNIAQA UT RAOC.
   575 | D:1      | 575 ||| DROPPING scroll of vulnerability.
   576 | D:1      | 576 ||| DROPPING scroll of butterflies.
   778 | D:2      | Found an opulent altar of Gozag.
   793 | D:2      | Reached skill level 7 in Ranged Weapons
   839 | D:2      | Noticed Terence
   847 | D:2      | Killed Terence
   848 | D:2      | Reached XP level 4. HP: 23/25 MP: 6/6
  1212 | D:2      | 1212 ||| DRINKING 3 amethyst potions.
  1320 | D:3      | Found Athivul's Weapon Boutique.
  1389 | D:3      | Noticed Ijyb
  1399 | D:3      | HP: 4/25 [Ijyb/bolt of light (10)]
  1404 | D:3      | Slain by Ijyb

Levels and vault maps discovered:
D:1:      mushboom_english_gardens, layout_rooms, minmay_misc_feat_cross,
          minmay_misc_feat_five, minmay_misc_feat_plants
D:2:      layout_loops_ring, basic_altar, uniq_terence
D:3:      layout_loops_corners, serial_shops, shop, wad_rectangle_vault,
          uniq_ijyb

Skill      XL: |  1  2  3 |
---------------+----------+-----
Ranged Weapons | 6 7 |  7.7
Fighting       | |  1.5
Dodging        | |  2.4
Stealth        | |  1.2

Action                     |  1- 3 |  4- 6 || total
---------------------------+-------+-------++-------
   Fire: Shortbow          |    76 |    50 ||   126
    Use: Scroll            |     4 |       ||     4
         Potion            |       |     1 ||     1
 Armour: Leather armour    |     3 |       ||     3
         Ring mail         |     2 |    11 ||    13
  Dodge: Dodged            |    12 |    17 ||    29

Table legend:
 A = Non-vault XP
 B = Vault XP
 C = Vault XP percentage of total XP
 D = Non-vault monster count
 E = Vault monster count
 F = Vault count percentage of total count
                 A         B        C        D         E       F
            +---------+---------+-------+---------+---------+-------
      Total |      88 |      36 |  29.0 |      45 |       1 |   2.2
            +---------+---------+-------+---------+---------+-------
        D:1 |      45 |       0 |   0.0 |      21 |       0 |   0.0
        D:2 |      38 |      36 |  48.6 |      21 |       1 |   4.5
        D:3 |       5 |       0 |   0.0 |       3 |       0 |   0.0
            +---------+---------+-------+---------+---------+-------
